 Dungeon Crawl Stone Soup version 0.30.0-17-ge0270778cf (webtiles) character file.

Game seed: 17414142461309115475

42 gelatine the Shooter (level 3, -5/27 HPs)
             Began as a Demonspawn Hunter on May 21, 2023.
             Was a Follower of Makhleb.
             Slain by Sigmund
             ... wielding a +0 scythe of venom
              (7 damage)
             ... on level 2 of the Dungeon.
             The game lasted 00:02:46 (617 turns).

gelatine the Shooter (Demonspawn Hunter)             Turns: 617, Time: 00:02:46

Health: -5/27      AC:  8    Str: 11    XL:     3   Next: 33%
Magic:  3/3        EV: 14    Int: 10    God:    Makhleb [*.....]
Gold:   29         SH:  0    Dex: 18    Spells: 2/2 levels left

rFire   . . .        a - +0 shortbow
rCold   . . .        (shield currently unavailable)
rNeg    . . .        c - +0 leather armour
rPois   +            (no helmet)
rElec   .            (no cloak)
rCorr   .            j - +0 pair of gloves
SInv    .            (no boots)
Will    .....        (no amulet)
Stlth   ++           i - +4 ring of protection
HPRegen 0.24/turn    (no ring)
MPRegen 0.08/turn

%: no passive effects
@: no status effects
A: repulsion field 1, poison resistance, MP-powered wands
a: Renounce Religion


You were on level 2 of the Dungeon.
You worshipped Makhleb.
Makhleb was aware of your devotion.
You visited 1 branch of the dungeon, and saw 2 of its levels.

You collected 29 gold pieces.

Inventory:

Hand Weapons
 a - a +0 shortbow (weapon)
Armour
 c - a +0 leather armour (worn)
 j - a +0 pair of gloves (worn)
Jewellery
 i - a +4 ring of protection (left hand)
Scrolls
 b - a scroll of immolation
 e - a scroll of noise {unknown}
 f - a scroll of identify
 g - 2 scrolls of teleportation


   Skills:
 * Level 2.1 Fighting
 * Level 4.3 Ranged Weapons
 * Level 0.4 Armour
 * Level 2.0 Dodging
 * Level 1.2 Stealth


You had 2 spell levels left.
You didn't know any spells.
Your spell library contained the following spells:

 Spells                   Type           Power      Damage    Failure   Level
 Ensorcelled Hibernation  Hex/Ice        0%         N/A       58%         2
 Spider Form              Tmut/Pois      0%         N/A       83%         3
 Anguish                  Hex/Necr       0%         N/A       99%         4


Dungeon Overview and Level Annotations

Branches:
Dungeon (2/15)

Altars:
Makhleb

Annotations:
D:2 Sigmund


Innate Abilities, Weirdness & Mutations

You are surrounded by a mild repulsion field. (EV +2)
Your system is resistant to poisons. (rPois)
You expend magic power (3 MP) to strengthen your wands.


Message History

You are more confused.
You are too confused!
Sigmund gestures wildly while chanting.
Sigmund flickers and vanishes!
Deactivating autopickup; reactivate with Ctrl-A.
You bump into the rock wall.
Something hits you!
You bump into the rock wall.
You clumsily bash something but do no damage.
Something hits you but does no damage.
You bump into the rock wall.
Something hits you.
You bump into the rock wall.
Something hits you but does no damage.
You are poisoned.
You bump into the rock wall.
You feel sick.
You bump into the rock wall.
You feel sick. Something hits you.
* * * LOW HITPOINT WARNING * * *
You closely miss something.
You feel sick. Something hits you but does no damage.
You miss something.
You feel less confused.
You feel sick.
You hear some strange, mumbled words.
A magic dart appears from out of thin air!
The magic dart hits you but does no damage.
You shoot an arrow.
You feel sick.
You are no longer poisoned.
You hear some strange, mumbled words.
A puff of flame appears from out of thin air!
The puff of flame hits you.
* * * LOW HITPOINT WARNING * * *
Something barely misses you.
You aren't carrying any potions.
As you read the scroll labelled MAACLENOACK, it crumbles to dust.
It is a scroll of identify.
g - 2 scrolls of teleportation Unknown command.
As you read the scroll labelled ISHRUF UDUZXO, it crumbles to dust.
Wisps of shadow whirl around you...
It was a scroll of summoning.
Something completely misses you.
You swap places.
Something hits you!
You die...

#.#.. .......#
##.#.####...#
#...........#
#..#.####...#
#.##.....###..##
#.............#
#.##.....####.#
#.....#.## #S#
#.###.#.#
#@##### # #.#.#
#.S{..# #.#.#
#####.# #<# #.#
#.# #†# #.# #.#


You could see 2 friendly adders.

Vanquished Creatures
  A dart slug (D:1)
  A bat (D:1)
  5 endoplasms (D:1)
  A giant cockroach (D:1)
  7 goblins (D:1)
  5 hobgoblins (D:1)
  2 jackals (D:1)
  A quokka (D:1)
  A ball python (D:1)
  3 frilled lizards (D:1)
  2 kobolds (D:1)
  5 rats
34 creatures vanquished.

Notes
Turn   | Place    | Note
-------+----------+-------------------------------------------
     0 | D:1      | gelatine the Demonspawn Hunter began the quest for the Orb.
     0 | D:1      | Reached XP level 1. HP: 16/16 MP: 1/1
    57 | D:1      | Gained mutation: You are surrounded by a mild repulsion
                  | field. (EV +2) [demonic ancestry]
    57 | D:1      | Reached XP level 2. HP: 22/22 MP: 2/2
   112 | D:1      | Reached skill level 4 in Ranged Weapons
   155 | D:1      | Reached skill level 1 in Stealth
   259 | D:1      | Reached XP level 3. HP: 27/27 MP: 3/3
   377 | D:1      | Found a faded altar of an unknown god.
   399 | D:1      | Prayed at the altar of an unknown god.
   399 | D:1      | Became a worshipper of Makhleb the Destroyer
   399 | D:1      | Reached * piety under Makhleb
   599 | D:2      | Noticed Sigmund
   603 | D:2      | Gained mutation: You expend magic power (3 MP) to
                  | strengthen your wands. [potion of mutation]
   603 | D:2      | Gained mutation: Your system is resistant to poisons.
                  | (rPois) [potion of mutation]
   614 | D:2      | HP: 1/27 [something/puff of flame (3)]
   617 | D:2      | Slain by Sigmund

Illustrated notes

Levels and vault maps discovered:
D:1:      spicycebolla_arrival_risky_transporter, layout_rooms,
          chequers_ecumenical_altar_simple_redux, minmay_misc_feat_doors
D:2:      layout_loops_ring, serial_shops, shop, nicolae_shop_crystal, shop,
          shop, nrook_mini_backslash, chequers_hall_statues_corner_a,
          uniq_sigmund, uniq_natasha, uniq_crazy_yiuf_cottage

Skill      XL: |  1  2  3 |
---------------+----------+-----
Ranged Weapons | 4 |  4.3
Stealth        | 1 |  1.2
Dodging        | 2 |  2.0
Fighting       | |  2.1
Armour         | |  0.4

Action                     || total
---------------------------++-------
  Melee: Shortbow          ||     3
   Fire: Shortbow          ||    88
    Use: Scroll            ||     2
         Potion            ||     1
 Armour: Leather armour    ||     7
  Dodge: Dodged            ||    17
